 Dungeon Crawl Stone Soup version 0.31-a0-177-g4aa6249778 (webtiles) character file.

Game seed: 13848948119197135097

9670 qw the Cleaver (level 11, -5/54 HPs)
             Began as a Gargoyle Fighter on June 18, 2023.
             Was an Elder of Okawaru.
             Slain by a deep elf blademaster zombie (11 damage)
             ... on level 1 of the Abyss.
             The game lasted 00:04:30 (8967 turns).

qw the Cleaver (Gargoyle Fighter)                   Turns: 8967, Time: 00:04:30

Health: -5/54      AC: 32    Str: 20    XL:     11   Next: 50%
Magic:  13/14      EV: 13    Int:  5    God:    Okawaru [****..]
Gold:   117        SH:  6    Dex:  9    Spells: 10/10 levels left

rFire   . . .        A - +3 broad axe (flame)
rCold   x x .        c - +0 buckler
rNeg    + . .        w - +0 plate armour
rPois   inf          n - +1 helmet
rElec   +            m - +0 cloak
rCorr   .            h - +1 Delatra's gloves {ID++}
SInv    .            x - +0 pair of boots
Will    +....        t - amulet of faith Stlth
                     p - ring of willpower
HPRegen 0.29/turn    r - +5 ring of evasion
MPRegen 0.14/turn

%: faith
@: about to teleport, heroic, unable to drink
A: sickness immunity, AC +8, negative energy resistance 1, electricity
resistance, torment resistance 1, petrification resistance, [dopey 2], [frail
2], [low MP 2], [weak 2], [cold vulnerability 2], [inability to drink after
injury 2]
a: Renounce Religion, Heroism, Finesse


You were on level 1 of the Abyss.
You worshipped Okawaru.
Okawaru was greatly pleased with you.
You visited 3 branches of the dungeon, and saw 11 of its levels.
You visited the Abyss 1 time.

You collected 417 gold pieces.
You spent 300 gold pieces at shops.


Innate Abilities, Weirdness & Mutations

You are immune to sickness and miasma.
Your stone body is resilient. (AC +8)
You are immune to poison.
You resist negative energy. (rN+)
You are resistant to electric shocks. (rElec)
You are resistant to unholy torment.
You are immune to petrification.
[You are very dopey. (Int -4)]
[You are very frail. (-20% HP)]
[Your magical capacity is very low. (-20% MP)]
[You are very weak. (Str -4)]
[You are very vulnerable to cold. (rC--)]
[You sometimes lose the ability to drink potions when taking damage.]


   Skills:
 - Level 8.1(13.1) Fighting
 + Level 10.7(15.7) Axes
 - Level 1.2(6.2) Throwing
 - Level 8.0(13.0) Armour
 - Level 2.3(7.3) Dodging
 - Level 5.1(10.1) Shields
 + Level 9.1 Invocations


You had 10 spell levels left.
You didn't know any spells.
Your spell library was empty.

Inventory:

Hand Weapons
 A - a +3 broad axe of flaming (weapon)
Armour
 c - a +0 buckler (worn)
 h - the +1 Delatra's gloves (worn) {ID++}
   (You found it on level 2 of the Dungeon)

   ID++:      It heals its wearer when they drink unknown potions, and restores
   their MP when they read unknown scrolls.
 m - a +0 cloak (worn)
 n - a +1 helmet (worn)
 w - a +0 plate armour (worn)
 x - a +0 pair of boots (worn)
Jewellery
 i - a ring of fire
 p - a ring of willpower (left hand)
 r - a +5 ring of evasion (right hand)
 t - an amulet of faith (around neck)
 u - a ring of positive energy
 y - a ring of resist corrosion
Scrolls
 e - a scroll of teleportation
 o - 4 scrolls of identify
Potions
 a - a potion of enlightenment
 d - 2 potions of might
 g - a potion of lignification
 j - 3 potions of heal wounds
 k - a potion of resistance
 l - a potion of attraction
 q - 4 potions of curing
 s - 2 potions of magic

Dungeon Overview and Level Annotations

Branches:
Dungeon (8/15)             Temple (1/1) D:4            Lair (2/5) D:8
  Swamp: Lair:2-3    Shoals: Lair:2-3     Snake: Lair:2-3    Spider: Lair:2-3

Altars:
Ashenzari
Cheibriados
Dithmenos
Elyvilon
Fedhas
Gozag
Hepliaklqana
Kikubaaqudgha
Nemelex Xobeh
Okawaru
Qazlal
Ru
Sif Muna
Uskayaw
Wu Jian
Xom
Yredelemnul
The Shining One

Shops:
D:5 *   D:8 =

Annotations:
D:4 1 runed translucent door, Crazy Yiuf
Lair:2 Sonja


Message History

You burn the deep elf blademaster zombie!
The deep elf blademaster zombie is heavily damaged.
The deep elf blademaster zombie hits you but does no damage.
The deep elf blademaster zombie hits you.
You hit the deep elf blademaster zombie.
You burn the deep elf blademaster zombie.
The deep elf blademaster zombie is heavily damaged.
The deep elf blademaster zombie hits you!
You feel threatened and lose the ability to drink potions!
The deep elf blademaster zombie hits you but does no damage.
You slash the deep elf blademaster zombie!
You burn the deep elf blademaster zombie.
The deep elf blademaster zombie is heavily damaged.
The deep elf blademaster zombie hits you but does no damage.
The deep elf blademaster zombie misses you.
You barely miss the deep elf blademaster zombie.
The deep elf blademaster zombie is heavily damaged.
The deep elf blademaster zombie closely misses you.
The deep elf blademaster zombie hits you.
You miss the deep elf blademaster zombie.
The deep elf blademaster zombie is heavily damaged.
You block the deep elf blademaster zombie's attack.
The deep elf blademaster zombie hits you but does no damage.
You closely miss the deep elf blademaster zombie.
The deep elf blademaster zombie is heavily damaged.
The deep elf blademaster zombie hits you.
You block the deep elf blademaster zombie's attack. x2
The deep elf blademaster zombie barely misses you.
The purple draconian roars!
You slice the deep elf blademaster zombie!!
You burn the deep elf blademaster zombie!
The deep elf blademaster zombie is almost destroyed.
The deep elf blademaster zombie hits you!
The deep elf blademaster zombie hits you but does no damage.
8967 ||| READING 2 scrolls of teleportation.
As you read the scroll of teleportation, it crumbles to dust.
You feel strangely unstable.
You feel the power of the Abyss delaying your translocation!
The deep elf blademaster zombie hits you!
You die...

.###.# .....# #.#.
..... .... #. .
... #. ..# ##.##
#.## ##...###...##
.#....d#.....#..
........¤¤@.......
...#.....#.Z...#..
.. ##...###...##
##.## #.## #. ..#
#... ...# .. ..
.... .#. ..#.


You could see a purple draconian and a deep elf blademaster zombie.

Vanquished Creatures
  A wretched star (Abyss:1)
  Maurice (D:8)
  2 cane toads
  3 komodo dragons (Lair:1)
  An ancient zyme (Abyss:1)
  2 polar bears (Lair:1)
  3 blink frogs (Lair:1)
  A ynoxinul (Abyss:1)
  6 yaks (Lair:1)
  A wyvern (D:8)
  A chaos spawn (Abyss:1)
  A steam dragon (D:7)
  5 water moccasins
  4 ice beasts
  Duvessa (D:6)
  3 sky beasts
  3 black bears
  4 orc warriors
  2 ogres
  A phantom (D:7)
  10 bullfrogs
  A scorpion (D:6)
  12 wights
  Dowan (D:6)
  6 killer bees
  4 howler monkeys
  4 jellies
  An orc priest (D:6)
  3 hounds
  A sleepcap (D:7)
  8 iguanas
  Ijyb (D:3)
  11 orc wizards
  A gnoll (D:4)
  12 adders
  A shadow imp (D:7)
  2 white imps
  An ufetubus (D:6)
  4 worms
  3 dart slugs
  38 orcs
  4 ball pythons
  10 endoplasms
  3 giant cockroaches
  6 goblins
  7 hobgoblins
  8 jackals
  A quokka (D:1)
  4 bats (D:2)
  A frilled lizard (D:3)
  10 kobolds
  6 rats
231 creatures vanquished.

Notes
Turn   | Place    | Note
-------+----------+-------------------------------------------
     0 | D:1      | qw the Gargoyle Fighter began the quest for the Orb.
     0 | D:1      | Reached XP level 1. HP: 14/14 MP: 1/1
     0 | D:1      | 0 ||| qw: Version: 0.3-a-5-g6f28e65
     0 | D:1      | 0 ||| qw: Game counter: 529
     0 | D:1      | 0 ||| qw: Always use a shield: true
     0 | D:1      | 0 ||| qw: God list: Okawaru
     0 | D:1      | 0 ||| qw: Allow faded altars: false
     0 | D:1      | 0 ||| qw: Do Orc after D:15 true
     0 | D:1      | 0 ||| qw: Do second Lair branch before Depths: true
     0 | D:1      | 0 ||| qw: Lair rune preference: random
     0 | D:1      | 0 ||| qw: Plans: Normal, Zot:1-4, Slime:5, God:TSO, Crypt,
                  | Tomb, Abyss, Pan, Hells, Win
     0 | D:1      | 0 ||| PLANNING D:1-11
    55 | D:1      | Reached skill level 2 in Axes
   137 | D:1      | 137 ||| Stepping ~*~*~tactically~*~*~ (hiding).
   155 | D:1      | Reached XP level 2. HP: 19/19 MP: 2/2
   285 | D:1      | 285 ||| Stepping ~*~*~tactically~*~*~ (stealth).
   677 | D:1      | 677 ||| DROPPING +0 whip.
   686 | D:1      | Reached skill level 3 in Axes
   817 | D:1      | 817 ||| UPGRADING to +0 cloak.
   822 | D:1      | 822 ||| UPGRADING to ring of positive energy.
   823 | D:1      | 823 ||| READING scroll labelled CYEFEBBOBB.
   824 | D:1      | 824 ||| READING scroll labelled BEIW HYANYE.
   825 | D:1      | 825 ||| READING scroll labelled FANYWE QENAHI.
   826 | D:1      | 826 ||| DRINKING 2 glowing sapphire potions.
   855 | D:2      | Reached XP level 3. HP: 21/23 MP: 3/3
   973 | D:2      | Found the +1 Delatra's gloves {ID++}
  1183 | D:2      | 1183 ||| UPGRADING to +0 pair of gloves.
  1188 | D:2      | 1188 ||| DROPPING scarf of shadows.
  1189 | D:2      | 1189 ||| UPGRADING to +1 Delatra's gloves {ID++}.
  1199 | D:2      | 1199 ||| DROPPING +0 pair of gloves.
  1200 | D:2      | 1200 ||| READING scroll labelled GOGIAH OKHLITU.
  1257 | D:2      | 1257 ||| READING scroll of enchant weapon.
  1257 | D:2      | 1257 ||| ENCHANTING +1 war axe.
  1477 | D:2      | 1477 ||| READING scroll labelled NOLAD FOY.
  1483 | D:3      | 1483 ||| STAIRDANCE
  1487 | D:3      | 1487 ||| STAIRDANCE
  1491 | D:3      | 1491 ||| STAIRDANCE
  1495 | D:3      | 1495 ||| STAIRDANCE
  1499 | D:3      | 1499 ||| STAIRDANCE
  1503 | D:3      | 1503 ||| STAIRDANCE
  1507 | D:3      | 1507 ||| STAIRDANCE
  1511 | D:3      | 1511 ||| STAIRDANCE
  1515 | D:3      | 1515 ||| STAIRDANCE
  1519 | D:3      | 1519 ||| STAIRDANCE
  1523 | D:3      | 1523 ||| STAIRDANCE
  1527 | D:3      | 1527 ||| STAIRDANCE
  1531 | D:3      | 1531 ||| STAIRDANCE
  1535 | D:3      | 1535 ||| STAIRDANCE
  1539 | D:3      | 1539 ||| STAIRDANCE
  1543 | D:3      | 1543 ||| STAIRDANCE
  1547 | D:3      | 1547 ||| STAIRDANCE
  1551 | D:3      | 1551 ||| STAIRDANCE
  1555 | D:3      | 1555 ||| STAIRDANCE
  1559 | D:3      | 1559 ||| STAIRDANCE
  1570 | D:2      | 1570 ||| Stepping randomly (stuck).
  1585 | D:3      | Noticed Ijyb
  1595 | D:3      | Killed Ijyb
  1596 | D:3      | Reached XP level 4. HP: 12/28 MP: 4/4
  1596 | D:3      | 1596 ||| FLEEEEING.
  1660 | D:3      | 1660 ||| READING scroll labelled WORUZXOTIAMN.
  1788 | D:2      | Reached skill level 4 in Axes
  2091 | D:2      | 2091 ||| DROPPING ring of flight.
  2092 | D:2      | 2092 ||| READING 2 scrolls labelled UTUUMN XAC ZOFF.
  2096 | D:2      | 2096 ||| READING scroll labelled NUM LI NOHEC.
  2097 | D:2      | 2097 ||| READING scroll labelled SEPSOO OGHOC.
  2591 | D:3      | You fall into a shaft and drop 1 floor!
  2600 | D:4      | 2600 ||| Stepping ~*~*~tactically~*~*~ (hiding).
  2725 | D:4      | Reached XP level 5. HP: 32/32 MP: 5/5
  2755 | D:4      | Reached skill level 5 in Axes
  2829 | D:4      | 2829 ||| READING scroll of enchant weapon.
  2829 | D:4      | 2829 ||| ENCHANTING +2 heavy war axe.
  2844 | D:4      | Reached skill level 1 in Throwing
  2844 | D:4      | Reached XP level 6. HP: 36/38 MP: 6/6
  2909 | D:4      | 2909 ||| Stepping ~*~*~tactically~*~*~ (stealth).
  2966 | D:4      | 2966 ||| UPGRADING to +0 chain mail.
  2976 | D:4      | 2976 ||| DROPPING +0 scale mail.
  2977 | D:4      | 2977 ||| UPGRADING to +5 ring of evasion.
  2978 | D:4      | 2978 ||| READING 3 scrolls of identify.
  2978 | D:4      | 2978 ||| IDENTIFYING golden potion
  2979 | D:4      | 2979 ||| READING 2 scrolls of identify.
  2979 | D:4      | 2979 ||| IDENTIFYING brown potion
  2980 | D:4      | 2980 ||| DROPPING potion of brilliance.
  3008 | D:3      | 3008 ||| Stepping ~*~*~tactically~*~*~ (stealth).
  3009 | D:3      | 3009 ||| Stepping ~*~*~tactically~*~*~ (stealth).
  3296 | D:3      | 3296 ||| DRINKING 2 purple potions.
  3297 | D:3      | 3297 ||| DRINKING 3 murky sapphire potions.
  3507 | D:4      | Found a staircase to the Ecumenical Temple.
  3508 | D:4      | 3508 ||| PLANNING TEMPLE
  3508 | D:4      | 3508 ||| DROPPING +1 scale mail of willpower.
  3509 | D:4      | 3509 ||| UPGRADING to amulet of faith.
  3514 | D:4      | 3514 ||| READING scroll labelled BIURA WONGARGH.
  3522 | Temple   | Entered the Ecumenical Temple
  3528 | Temple   | 3528 ||| PLANNING OKAWARU WORSHIP
  3579 | Temple   | 3579 ||| READING 2 scrolls of identify.
  3579 | Temple   | 3579 ||| IDENTIFYING viscous dark potion
  3585 | Temple   | Became a worshipper of Warmaster Okawaru
  3586 | Temple   | 3586 ||| PLANNING D:1-11
  3731 | D:4      | 3731 ||| Stepping ~*~*~tactically~*~*~ (hiding).
  3846 | D:4      | 3846 ||| Stepping ~*~*~tactically~*~*~ (hiding).
  3847 | D:4      | 3847 ||| Stepping ~*~*~tactically~*~*~ (hiding).
  4099 | D:4      | Found a runed translucent door.
  4100 | D:4      | Noticed Crazy Yiuf
  4165 | D:4      | Found a stormy altar of Qazlal.
  4271 | D:4      | 4271 ||| READING 4 scrolls of identify.
  4271 | D:4      | 4271 ||| IDENTIFYING fuming dark potion
  4294 | D:5      | Entered Level 5 of the Dungeon
  4304 | D:5      | 4304 ||| Stepping ~*~*~tactically~*~*~ (hiding).
  4310 | D:5      | 4310 ||| DRINKING 2 potions of curing.
  4310 | D:5      | 4310 ||| (to cure confusion)
  4348 | D:5      | Reached skill level 6 in Axes
  4348 | D:5      | Reached XP level 7. HP: 43/43 MP: 7/7
  4351 | D:5      | Reached skill level 1 in Dodging
  4461 | D:5      | Reached * piety under Okawaru
  4466 | D:5      | 4466 ||| INVOKING Heroism.
  4514 | D:5      | Found Qeufy's Overcharged Wands.
  4524 | D:5      | 4524 ||| UPGRADING to ring of willpower.
  4610 | D:5      | 4610 ||| Stepping ~*~*~tactically~*~*~ (stealth).
  4622 | D:5      | Reached skill level 7 in Axes
  4622 | D:5      | 4622 ||| INVOKING Heroism.
  4665 | D:5      | 4665 ||| Stepping ~*~*~tactically~*~*~ (stealth).
  4690 | D:5      | 4690 ||| Stepping ~*~*~tactically~*~*~ (stealth).
  4706 | D:5      | 4706 ||| Stepping ~*~*~tactically~*~*~ (stealth).
  4711 | D:5      | Reached skill level 1 in Invocations
  4729 | D:5      | Found a shimmering altar of Xom.
  4854 | D:5      | Found a sacrificial altar of Ru.
  5109 | D:5      | 5109 ||| READING scroll labelled GEINEK VEIKLUS.
  5210 | D:5      | 5210 ||| READING scroll labelled DEMNOODOUC.
  5316 | D:6      | Reached XP level 8. HP: 43/48 MP: 9/9
  5380 | D:6      | 5380 ||| INVOKING Heroism.
  5503 | D:6      | Reached skill level 3 in Invocations
  5571 | D:6      | 5571 ||| INVOKING Heroism.
  5604 | D:6      | Noticed Duvessa
  5604 | D:6      | Noticed Dowan
  5605 | D:6      | 5605 ||| Stepping ~*~*~tactically~*~*~ (stealth).
  5608 | D:6      | 5608 ||| INVOKING Heroism.
  5618 | D:6      | Killed Duvessa
  5619 | D:6      | Reached skill level 8 in Axes
  5619 | D:6      | Killed Dowan
  5621 | D:6      | Reached ** piety under Okawaru
  5736 | D:6      | 5736 ||| INVOKING Heroism.
  5747 | D:6      | Reached skill level 6 in Fighting
  5765 | D:6      | Reached XP level 9. HP: 52/55 MP: 12/12
  5770 | D:6      | 5770 ||| Stepping ~*~*~tactically~*~*~ (stealth).
  5786 | D:6      | 5786 ||| Stepping ~*~*~tactically~*~*~ (stealth).
  5823 | D:6      | 5823 ||| Stepping ~*~*~tactically~*~*~ (stealth).
  5825 | D:6      | 5825 ||| Stepping ~*~*~tactically~*~*~ (stealth).
  5832 | D:6      | 5832 ||| Stepping ~*~*~tactically~*~*~ (stealth).
  5834 | D:6      | 5834 ||| Stepping ~*~*~tactically~*~*~ (hiding).
  5838 | D:6      | 5838 ||| INVOKING Heroism.
  5844 | D:6      | Reached skill level 9 in Axes
  5896 | D:6      | 5896 ||| INVOKING Heroism.
  6143 | D:6      | 6143 ||| UPGRADING to +0 helmet.
  6148 | D:6      | 6148 ||| DROPPING +0 ring mail of cold resistance.
  6149 | D:6      | 6149 ||| UPGRADING to +0 plate armour.
  6159 | D:6      | 6159 ||| DROPPING +0 chain mail.
  6160 | D:6      | 6160 ||| DROPPING ring of wizardry.
  6161 | D:6      | 6161 ||| DRINKING 2 fuming grey potions.
  6162 | D:6      | 6162 ||| DROPPING potion of degeneration.
  6206 | D:7      | Identified the +11 war axe "Orb Guardian's Regret" {pain,
                  | Will- Int+5 Dex+8}
  6208 | D:7      | 6208 ||| SWAPPING to +11 war axe "Orb Guardian's Regret"
                  | {pain, Will- Int+5 Dex+8}.
  6244 | D:7      | Reached *** piety under Okawaru
  6366 | D:7      | 6366 ||| Stepping ~*~*~tactically~*~*~ (hiding).
  6368 | D:7      | 6368 ||| Stepping ~*~*~tactically~*~*~ (hiding).
  6372 | D:7      | 6372 ||| INVOKING Heroism.
  6383 | D:7      | Reached skill level 6 in Armour
  6393 | D:7      | 6393 ||| INVOKING Heroism.
  6403 | D:7      | Reached XP level 10. HP: 21/63 MP: 11/13
  6530 | D:7      | 6530 ||| Stepping ~*~*~tactically~*~*~ (stealth).
  6531 | D:7      | 6531 ||| Stepping ~*~*~tactically~*~*~ (stealth).
  6543 | D:7      | 6543 ||| Stepping ~*~*~tactically~*~*~ (stealth).
  6557 | D:7      | 6557 ||| INVOKING Heroism.
  6569 | D:7      | 6569 ||| Stepping ~*~*~tactically~*~*~ (hiding).
  6571 | D:7      | 6571 ||| Stepping ~*~*~tactically~*~*~ (hiding).
  6572 | D:7      | 6572 ||| Stepping ~*~*~tactically~*~*~ (hiding).
  6582 | D:7      | 6582 ||| DRINKING 3 potions of curing.
  6582 | D:7      | 6582 ||| (to cure confusion)
  6633 | D:7      | 6633 ||| INVOKING Heroism.
  6637 | D:7      | 6637 ||| Stepping ~*~*~tactically~*~*~ (cloud).
  6736 | D:7      | Found a shimmering blue altar of Sif Muna.
  6867 | D:7      | 6867 ||| UPGRADING to +0 pair of boots.
  6872 | D:7      | 6872 ||| READING scroll labelled UWNURYF MALE.
  6873 | D:7      | 6873 ||| READING 3 scrolls of identify.
  6873 | D:7      | 6873 ||| IDENTIFYING coppery potion
  6915 | D:8      | Found a staircase to the Lair.
  6959 | D:8      | Found Jiurifiu's Jewellery Emporium.
  6963 | D:8      | 6963 ||| SHOPLISTING +4 ring of slaying (1170 gold, have
                  | 332).
  6963 | D:8      | 6963 ||| SHOPLISTING +6 ring of dexterity (540 gold, have
                  | 332).
  6963 | D:8      | 6963 ||| SHOPLISTING amulet of reflection (450 gold, have
                  | 332).
  6963 | D:8      | 6963 ||| SHOPLISTING amulet of the acrobat (450 gold, have
                  | 332).
  6963 | D:8      | 6963 ||| BUYING ring of resist corrosion (300 gold).
  6963 | D:8      | Bought a ring of resist corrosion for 300 gold pieces
  6977 | D:8      | Noticed Maurice
  6986 | D:8      | Killed Maurice
  6986 | D:8      | Reached **** piety under Okawaru
  7010 | D:8      | 7010 ||| Stepping ~*~*~tactically~*~*~ (stealth).
  7011 | D:8      | 7011 ||| Stepping ~*~*~tactically~*~*~ (stealth).
  7014 | D:8      | 7014 ||| Stepping ~*~*~tactically~*~*~ (stealth).
  7019 | D:8      | 7019 ||| Stepping ~*~*~tactically~*~*~ (hiding).
  7021 | D:8      | 7021 ||| Stepping ~*~*~tactically~*~*~ (hiding).
  7023 | D:8      | 7023 ||| Stepping ~*~*~tactically~*~*~ (hiding).
  7069 | D:8      | 7069 ||| DROPPING +0 flail.
  7147 | D:8      | 7147 ||| Stepping ~*~*~tactically~*~*~ (hiding).
  7149 | D:8      | 7149 ||| Stepping ~*~*~tactically~*~*~ (hiding).
  7150 | D:8      | 7150 ||| Stepping ~*~*~tactically~*~*~ (hiding).
  7289 | D:8      | Reached skill level 10 in Axes
  7435 | D:8      | 7435 ||| Stepping ~*~*~tactically~*~*~ (stealth).
  7514 | D:8      | 7514 ||| Stepping ~*~*~tactically~*~*~ (hiding).
  7515 | D:8      | 7515 ||| Stepping ~*~*~tactically~*~*~ (hiding).
  7519 | D:8      | 7519 ||| Stepping ~*~*~tactically~*~*~ (hiding).
  7523 | D:8      | 7523 ||| Stepping ~*~*~tactically~*~*~ (hiding).
  7612 | D:8      | 7612 ||| INVOKING Heroism.
  7806 | D:8      | 7806 ||| PLANNING LAIR
  7806 | D:8      | 7806 ||| READING scroll labelled FUDWUZ GYFAI.
  7841 | Lair:1   | Entered Level 1 of the Lair of Beasts
  7842 | Lair:1   | 7842 ||| INVOKING Heroism.
  7850 | Lair:1   | Reached ***** piety under Okawaru
  7851 | Lair:1   | Reached skill level 6 in Invocations
  7866 | Lair:1   | 7866 ||| STAIRDANCE
  7935 | Lair:1   | 7935 ||| INVOKING Heroism.
  7945 | Lair:1   | Reached XP level 11. HP: 62/68 MP: 14/16
  7949 | Lair:1   | Received a gift from Okawaru
  7976 | Lair:1   | 7976 ||| SWAPPING to +3 broad axe of flaming.
  7977 | Lair:1   | 7977 ||| DROPPING +11 war axe "Orb Guardian's Regret"
                  | {pain, Will- Int+5 Dex+8}.
  7978 | Lair:1   | 7978 ||| DROPPING +2 flail of holy wrath.
  7979 | Lair:1   | 7979 ||| DROPPING +3 heavy war axe.
  7980 | Lair:1   | 7980 ||| DROPPING +2 morningstar.
  7993 | Lair:1   | 7993 ||| INVOKING Heroism.
  8223 | Lair:1   | 8223 ||| INVOKING Heroism.
  8584 | Lair:1   | 8584 ||| INVOKING Heroism.
  8635 | Lair:1   | 8635 ||| INVOKING Heroism.
  8737 | Lair:1   | 8737 ||| UPGRADING to +1 helmet.
  8747 | Lair:1   | 8747 ||| DROPPING +0 helmet.
  8748 | Lair:1   | 8748 ||| DROPPING scarf of invisibility.
  8749 | Lair:1   | 8749 ||| DROPPING +6 ring of intelligence.
  8785 | Lair:2   | 8785 ||| INVOKING Heroism.
  8788 | Lair:2   | Noticed Sonja
  8795 | Abyss:1  | Found a corrupted altar of Lugonu.
  8795 | Abyss:1  | Cast into level 1 of the Abyss (Sonja)
  8816 | Abyss:1  | 8816 ||| Stepping ~*~*~tactically~*~*~ (hiding).
  8863 | Abyss:1  | Noticed a wretched star
  8881 | Abyss:1  | 8881 ||| INVOKING Heroism.
  8886 | Abyss:1  | Killed a wretched star
  8887 | Abyss:1  | Reached skill level 9 in Invocations
  8904 | Abyss:1  | 8904 ||| Stepping ~*~*~tactically~*~*~ (stealth).
  8905 | Abyss:1  | 8905 ||| Stepping ~*~*~tactically~*~*~ (stealth).
  8908 | Abyss:1  | Noticed a large abomination
  8946 | Abyss:1  | 8946 ||| Stepping ~*~*~tactically~*~*~ (stealth).
  8957 | Abyss:1  | 8957 ||| INVOKING Heroism.
  8966 | Abyss:1  | Noticed a purple draconian
  8966 | Abyss:1  | HP: 6/54 [deep elf blademaster zombie (10)]
  8967 | Abyss:1  | 8967 ||| READING 2 scrolls of teleportation.
  8967 | Abyss:1  | Slain by a deep elf blademaster zombie

Levels and vault maps discovered:
D:1:      heliophobic_arrival_enchanted_forest, layout_basic
D:2:      minmay_wonky_spiral, layout_basic
D:3:      layout_loops_ring, uniq_ijyb
D:4:      minmay_thinvault, layout_loops_ring, mainiacjoe_overflow_alcove_4,
          minmay_temple_entry_slanted, dk_noncrumbling_4,
          uniq_crazy_yiuf_cottage
D:5:      layout_basic, tgw_xom, mainiacjoe_overflow_catwalk,
          nicolae_shop_overcharged_wands
D:6:      layout_basic, uniq_duvessa
D:7:      cheibrodos_barr_body, layout_rooms, led_sif_pool
D:8:      layout_gridville, dpeg_oklobed_lair, serial_shops,
          nicolae_shop_gaudy_bauble, uniq_maurice
Temple:   eino_temple_lava
Lair:1:   layout_hall_layers
Lair:2:   layout_hall_layers, minmay_snake_entry_guardpost_small,
          infiniplex_staircase_pool_2, uniq_sonja
Abyss:1:  base:
D:4

Skill      XL: |  1  2  3  4  5  6  7  8  9 10 11 |
---------------+----------------------------------+-----
Axes           | 2 3 4 5 6 7 8 9 10 | 10.7
Throwing       | 1 |  1.2
Fighting       | 4 6 7 8 |  8.1
Dodging        | 1 2 |  2.3
Invocations    | 2 4 7 9 |  9.1
Armour         | 4 6 8 |  8.0
Shields        | 4 5 |  5.1

Action                     |  1- 3 |  4- 6 |  7- 9 | 10-12 || total
---------------------------+-------+-------+-------+-------++-------
  Melee: War axe           |    93 |   125 |   156 |   121 ||   495
         Broad axe         |       |       |       |    86 ||    86
  Throw: Javelin           |       |    35 |    15 |       ||    50
         Boomerang         |       |       |    27 |       ||    27
 Invoke: Heroism           |       |       |    10 |    12 ||    22
    Use: Scroll            |     6 |    10 |     2 |     4 ||    22
         Potion            |     1 |     3 |     1 |     1 ||     6
 Armour: Scale mail        |    42 |    65 |       |       ||   107
         Chain mail        |       |    25 |    45 |       ||    70
         Plate armour      |       |       |    15 |    96 ||   111
  Dodge: Dodged            |    27 |    60 |    82 |   111 ||   280
  Block: Buckler           |    13 |    35 |    43 |    43 ||   134

Table legend:
 A = Non-vault XP
 B = Vault XP
 C = Vault XP percentage of total XP
 D = Non-vault monster count
 E = Vault monster count
 F = Vault count percentage of total count
                 A         B        C        D         E       F
            +---------+---------+-------+---------+---------+-------
      Total |   11794 |    2021 |  14.6 |     180 |      51 |  22.1
            +---------+---------+-------+---------+---------+-------
        D:1 |      32 |       0 |   0.0 |      17 |       0 |   0.0
        D:2 |      53 |      20 |  27.4 |      17 |       4 |  19.0
        D:3 |      19 |      35 |  64.8 |      10 |       1 |   9.1
        D:4 |     171 |     235 |  57.9 |      18 |      23 |  56.1
        D:5 |     344 |     243 |  41.4 |      17 |       7 |  29.2
        D:6 |    1930 |     207 |   9.7 |      29 |       2 |   6.5
        D:7 |     905 |     832 |  47.9 |      14 |      13 |  48.1
        D:8 |    1629 |     449 |  21.6 |      30 |       1 |   3.2
     Lair:1 |    4771 |       0 |   0.0 |      22 |       0 |   0.0
     Lair:2 |     439 |       0 |   0.0 |       2 |       0 |   0.0
    Abyss:1 |    1501 |       0 |   0.0 |       4 |       0 |   0.0
            +---------+---------+-------+---------+---------+-------
